 Dungeon Crawl Stone Soup version 0.20.1-1-g8b1a95d (webtiles) character file.

11394 HammerPanzer the Fencer (level 11, 0/109 HPs)
             Began as a Minotaur Berserker on Nov 2, 2017.
             Was a High Priest of Trog.
             Slain by a meliai
             ... wielding a +2 hand axe of flaming
              (4 damage)
             ... on level 12 of the Dungeon.
             The game lasted 00:31:52 (10296 turns).

HammerPanzer the Fencer (Minotaur Berserker)       Turns: 10296, Time: 00:31:53

Health: 0/109      AC: 24    Str: 26    XL:     11   Next: 48%
Magic:  10/10      EV:  5    Int:  7    God:    Trog [*****.]
Gold:   612        SH:  0    Dex: 10    Spells: 10/10 levels left

rFire    + + .     SeeInvis +   K - +4 great sword (holy)
rCold    + + .     Gourm    +   (shield currently unavailable)
rNeg     . . .     Faith    .   I - +1 gold dragon scales
rPois    +         Spirit   .   (helmet unavailable)
rElec    +         Reflect  .   p - +1 cloak
rCorr    +         Harm     .   M - +0 pair of gloves
MR       .....     Rnd*Rage +   H - +0 pair of boots
Stlth    ..........             G - amulet of the gourmand
Regen    0.3/turn               o - +3 ring of protection
MPRegen  0.2/turn               F - +2 ring of strength

@: resistant, berserk cooldown, hasted and slowed
A: retaliatory headbutt, horns 3, molten scales 1, rugged brown scales 1, see
invisible, berserk 1, blink, clever 1
a: Blink, Berserk, Trog's Hand, Brothers in Arms, Burn Spellbooks, Renounce
Religion


You were on level 12 of the Dungeon.
You worshipped Trog.
Trog was extremely pleased with you.
You were very full.

You visited 1 branch of the dungeon, and saw 12 of its levels.

You collected 724 gold pieces.
You spent 112 gold pieces at shops.

Inventory:

Hand Weapons
 y - a +4 scimitar of flaming
 E - a +2 falchion of venom
 K - a +4 great sword of holy wrath (weapon)
Armour
 p - a +1 cloak (worn)
 H - a +0 pair of boots (worn)
 I - +1 gold dragon scales (worn)
 M - a +0 pair of gloves (worn)
Jewellery
 o - a +3 ring of protection (left hand)
 F - a +2 ring of strength (right hand)
 G - an amulet of the gourmand (around neck)
Wands
 h - a wand of digging (17/24)
 m - a wand of acid (13/15)
 u - a wand of polymorph (8/24)
 L - a wand of clouds (6/9)
Scrolls
 i - 6 scrolls of teleportation
 j - 2 scrolls of fear
 l - a scroll of recharging
 r - a scroll of identify
 x - a scroll of fog
 z - 4 scrolls of blinking
 B - a scroll of enchant weapon
Potions
 b - 2 potions of heal wounds
 d - 3 potions of resistance
 e - a potion of haste
 f - 2 potions of cancellation
 g - 5 potions of mutation
 k - a potion of agility {unknown}
 n - 2 potions of invisibility
 q - 7 potions of curing
 t - 4 potions of lignification
 v - 4 potions of brilliance
 C - a potion of might {unknown}
Books
 a - a book of Misfortune

   Spells                             Type                      Level
   a - Confusing Touch                Hexes                        1
   b - Confuse                        Hexes                        3
   c - Gell's Gravitas                Translocation                3
   d - Petrify                        Transmutation/Earth          4
   e - Metabolic Englaciation         Hexes/Ice                    5
   f - Yara's Violent Unravelling     Hexes/Transmutation          5
   Trog disapproves of the use of such an item.
 w - Wufonygemi's Thaumaturgy for Novices
   (You found it on level 10 of the Dungeon)

   Spells                             Type                      Level
   a - Infusion                       Charms                       1
   b - Sting                          Conjuration/Poison           1
   c - Corona                         Hexes                        1
   d - Animate Skeleton               Necromancy                   1
   e - Pain                           Necromancy                   1
   Trog disapproves of the use of such an item.
 J - a book of Alchemy

   Spells                             Type                      Level
   a - Sublimation of Blood           Necromancy                   2
   b - Ignite Poison                  Fire/Transmutation/Poison    3
   c - Petrify                        Transmutation/Earth          4
   d - Alistair's Intoxication        Transmutation/Poison         5
   e - Irradiate                      Conjuration/Transmutation    5
   Trog disapproves of the use of such an item.
Comestibles
 c - 7 bread rations
 s - 5 meat rations
 A - 12 royal jellies
 D - 3 fruits


   Skills:
 + Level 12.8 Fighting
 * Level 16.9 Long Blades
 - Level 2.4 Armour
 - Level 2.1 Dodging


You had 10 spell levels left.
You didn't know any spells.

Dungeon Overview and Level Annotations

Branches:
Dungeon (12/15)            Temple (0/1) D:7            Lair (0/6) D:10
    Orc (0/2) D:11

Altars:
Ashenzari
Cheibriados
Fedhas
Gozag
Makhleb
Nemelex Xobeh
Qazlal
Ru
Sif Muna
Trog
Uskayaw
Vehumet
Xom
Zin
The Shining One
Beogh

Shops:
D:8 =


Innate Abilities, Weirdness & Mutations

You reflexively headbutt those who attack you in melee.
You have a pair of large horns on your head.
You are partially covered in molten scales. (AC +2)
You are partially covered in rugged brown scales. (AC +1, +3% HP)
You have supernaturally acute eyesight. (SInv)
You tend to lose your temper in combat.
You can translocate small distances at will.
Your mind is acute. (Int +2)


Message History

Trog accepts your kill.
The meliai rages.
The queen bee barely misses you. You furiously retaliate!
You headbutt the queen bee!
You riposte.
You barely miss the queen bee. Your headbutt misses the queen bee.
The queen bee is heavily wounded.
You hear an angry buzzing noise.
You slice the queen bee!!
You kill the queen bee!
Trog accepts your kill.
The meliai hits you with a hand axe of flaming.
* * * LOW HITPOINT WARNING * * *
The meliai stings you but does no damage.
The meliai hits you with a hand axe of flaming!
* * * LOW HITPOINT WARNING * * *
The meliai stings you but does no damage.
You slice the meliai!!
The meliai is heavily wounded.
The meliai hits you with a hand axe of flaming.
You die...

#.# #.# #.# #.#
#####.#####
#........)####
#.#####.#.<.)#
#.#...#.#.##.#
#.###@#.#.##)###
#...y)#.#.##...#
###.###.######.+
#)# ... ## #.#
### y.# .$. #.##
..


You could see a meliai (berserk).

Vanquished Creatures
  2 two-headed ogres
  Erica (D:11)
  2 ugly things
  A manticore (D:11)
  A troll (D:9)
  2 meliai (D:12)
  A queen bee (D:12)
  5 hippogriffs
  3 yaks (D:10)
  The ghost of Regeox the Chopper, an amateur HOGl of Elyvilon (D:3)
  3 hungry ghosts
  2 steam dragons (D:6)
  Menkaure (D:7)
  3 ice beasts
  10 orc warriors
  2 necrophages
  5 sky beasts
  2 black bears
  A centaur (D:5)
  3 ogres
  A big kobold (D:8)
  4 bullfrogs
  A scorpion (D:5)
  4 killer bees (D:12)
  2 howler monkeys (D:10)
  An electric eel (D:8)
  7 crimson imps
  A centaur zombie (D:7)
  A bullfrog zombie (D:9)
  A quasit (D:7)
  3 hounds
  9 orc priests
  2 centaur skeletons
  An iguana (D:7)
  6 jellies
  15 orc wizards
  A bullfrog skeleton (D:5)
  Crazy Yiuf (D:3)
  Jessica (D:2)
  Natasha (thrice) (D:2)
  Ijyb (D:3)
  7 worker ants
  A hound skeleton (D:11)
  2 worker ant zombies
  A gnoll (D:1)
  14 adders
  4 shadow imps
  7 oozes
  An adder skeleton (D:7)
  4 worms
  4 dart slugs
  4 leopard geckos
  44 orcs
  3 giant cockroaches
  13 goblins
  5 hobgoblins
  7 jackals (D:1)
  13 kobolds
  4 quokkas
  3 ball pythons
  9 bats
  3 frilled lizards
  A quokka skeleton (D:4)
  A fungus (D:3)
272 creatures vanquished.

Vanquished Creatures (others)
  An electric eel (D:12)
  A centaur skeleton (D:4)
2 creatures vanquished.

Grand Total: 274 creatures vanquished

Notes
Turn   | Place    | Note
-------+----------+-------------------------------------------
     0 | D:1      | HammerPanzer the Minotaur Berserker began the quest for the Orb.
     0 | D:1      | Reached XP level 1. HP: 19/19 MP: 0/0
   128 | D:1      | Reached skill level 4 in Long Blades
   128 | D:1      | Reached XP level 2. HP: 27/27 MP: 1/1
   295 | D:1      | Reached XP level 3. HP: 33/33 MP: 2/2
  1025 | D:2      | Noticed Natasha
  1030 | D:2      | Reached skill level 5 in Long Blades
  1037 | D:2      | Killed Natasha
  1037 | D:2      | Reached XP level 4. HP: 31/41 MP: 3/3
  1056 | D:2      | Reached ** piety under Trog
  1199 | D:2      | Noticed Natasha
  1211 | D:2      | Killed Natasha
  1405 | D:2      | Noticed Jessica
  1410 | D:2      | Killed Jessica
  1410 | D:2      | Reached skill level 5 in Fighting
  1410 | D:2      | Reached XP level 5. HP: 48/48 MP: 4/4
  1453 | D:2      | Noticed Natasha
  1466 | D:2      | Killed Natasha
  1466 | D:2      | Reached skill level 6 in Long Blades
  1795 | D:3      | Noticed Regeox's ghost (amateur HOGl)
  1811 | D:3      | Killed Regeox's ghost
  1811 | D:3      | Reached skill level 7 in Long Blades
  1811 | D:3      | Reached XP level 6. HP: 52/57 MP: 5/5
  2155 | D:3      | Found a stormy altar of Qazlal.
  2369 | D:3      | Noticed Ijyb
  2376 | D:3      | Killed Ijyb
  2539 | D:3      | Reached skill level 8 in Long Blades
  2599 | D:3      | Reached *** piety under Trog
  2812 | D:3      | Found a runed door.
  2816 | D:3      | Noticed Crazy Yiuf
  2819 | D:3      | Killed Crazy Yiuf
  2957 | D:4      | Reached XP level 7. HP: 62/63 MP: 6/6
  3266 | D:4      | Found a transporter.
  3272 | D:4      | Noticed a kobold demonologist
  3282 | D:4      | Found a transporter.
  3308 | D:4      | Noticed an ice devil
  3530 | D:4      | Found a radiant altar of Vehumet.
  3728 | D:5      | Entered Level 5 of the Dungeon
  3885 | D:5      | Found a glowing silver altar of Zin.
  4134 | D:5      | Reached skill level 9 in Long Blades
  4507 | D:6      | Noticed a steam dragon
  4522 | D:6      | Killed a steam dragon
  4529 | D:6      | Noticed a steam dragon
  4534 | D:6      | Killed a steam dragon
  4534 | D:6      | Reached skill level 10 in Long Blades
  4534 | D:6      | Reached XP level 8. HP: 33/73 MP: 7/7
  4888 | D:6      | Found a glowing golden altar of the Shining One.
  4948 | D:6      | Found a deep blue altar of Sif Muna.
  5294 | D:7      | Noticed Menkaure
  5298 | D:7      | Killed Menkaure
  5298 | D:7      | Reached skill level 11 in Long Blades
  5392 | D:7      | Found a staircase to the Ecumenical Temple.
  5443 | D:7      | Reached **** piety under Trog
  5733 | D:7      | Found a snail-covered altar of Cheibriados.
  5733 | D:7      | Found a shattered altar of Ashenzari.
  5738 | D:7      | Found a shimmering altar of Xom.
  5740 | D:7      | Found a faded altar of an unknown god.
  5742 | D:7      | Found a sacrificial altar of Ru.
  5851 | D:7      | Found a hide-covered altar of Uskayaw.
  5868 | D:7      | Reached XP level 9. HP: 82/82 MP: 8/8
  6023 | D:7      | Reached skill level 12 in Long Blades
  6221 | D:8      | Noticed a two-headed ogre
  6233 | D:8      | Killed a two-headed ogre
  6233 | D:8      | Reached skill level 13 in Long Blades
  6251 | D:8      | Noticed a brown ugly thing
  6262 | D:8      | Killed a brown ugly thing
  6262 | D:8      | Reached skill level 10 in Fighting
  6528 | D:8      | Found a transporter.
  6649 | D:8      | Found Cazeyvar's Jewellery Shoppe.
  6656 | D:8      | Bought a +2 ring of strength for 112 gold pieces
  6874 | D:8      | Found a burning altar of Makhleb.
  7219 | D:8      | Reached XP level 10. HP: 94/94 MP: 9/9
  7439 | D:8      | Reached skill level 14 in Long Blades
  7454 | D:8      | Found a roughly hewn altar of Beogh.
  7482 | D:8      | Reached ***** piety under Trog
  7597 | D:8      | Found a transporter.
  7630 | D:9      | Found a bloodstained altar of Trog.
  7653 | D:9      | Gained mutation: You have supernaturally acute eyesight. (SInv) [mutagenic meat]
  7654 | D:9      | Gained mutation: Your mind is acute. (Int +2) [mutagenic meat]
  7655 | D:9      | Gained mutation: You can translocate small distances at will. [mutagenic meat]
  7656 | D:9      | Gained mutation: You are partially covered in molten scales. (AC +2) [mutagenic meat]
  7657 | D:9      | Gained mutation: You tend to lose your temper in combat. [mutagenic meat]
  7658 | D:9      | Gained mutation: You are partially covered in rugged brown scales. (AC +1, +3% HP) [mutagenic meat]
  7675 | D:9      | Found an opulent altar of Gozag.
  7724 | D:9      | Found a blossoming altar of Fedhas.
  8222 | D:9      | Reached skill level 15 in Long Blades
  8242 | D:9      | Found a sparkling altar of Nemelex Xobeh.
  8512 | D:10     | Entered Level 10 of the Dungeon
  8800 | D:10     | Found a staircase to the Lair.
  8886 | D:10     | Identified Wufonygemi's Thaumaturgy for Novices
  9276 | D:11     | Received a gift from Trog
  9287 | D:11     | Noticed a red ugly thing
  9293 | D:11     | Killed a red ugly thing
  9467 | D:11     | Gained mutation: You have a pair of large horns on your head. [mutagenic meat]
  9488 | D:11     | Reached XP level 11. HP: 106/107 MP: 10/10
  9493 | D:11     | Found a staircase to the Orcish Mines.
  9493 | D:11     | Noticed Erica
  9505 | D:11     | Killed Erica
  9505 | D:11     | Reached skill level 16 in Long Blades
  9517 | D:11     | Found a roughly hewn altar of Beogh.
  9820 | D:11     | Noticed a two-headed ogre
  9832 | D:11     | Killed a two-headed ogre
 10295 | D:12     | HP: 3/109 [meliai/hand axe of flaming (10)]
 10296 | D:12     | Slain by a meliai

Skill      XL: |  1  2  3  4  5  6  7  8  9 10 11 |
---------------+----------------------------------+-----
Long Blades    | 4 5 7 8 10 11 13 15 16 | 16.9
Fighting       | 4 5 6 7 8 10 12 | 12.8
Armour         | |  2.4
Dodging        | |  2.1

Action                   |  1- 3 |  4- 6 |  7- 9 | 10-12 || total
-------------------------+-------+-------+-------+-------++-------
Melee: Falchion          |    57 |   151 |   260 |   238 ||   706
       Headbutt          |    12 |    31 |    57 |    71 ||   171
       Unarmed           |       |     5 |       |       ||     5
       Great sword       |       |       |       |   101 ||   101
Invok: Berserk           |       |     4 |     3 |     3 ||    10
  Use: Scroll            |     2 |       |    16 |     7 ||    25
       Potion            |       |       |       |     3 ||     3
  Eat: Chunk             |       |    10 |    14 |    58 ||    82
       Royal jelly       |       |       |     1 |     1 ||     2
Armor: Ring mail         |     8 |       |    47 |       ||    55
       Animal skin       |     1 |       |       |       ||     1
       Plate armour      |    14 |    96 |     6 |       ||   116
       Scale mail        |       |       |    68 |    11 ||    79
       Gold dragon scale |       |       |       |   177 ||   177
Dodge: Dodged            |    29 |    49 |   107 |    68 ||   253
       Rpst.: Falchion   |     8 |     7 |    24 |     9 ||    48
       Great sword       |       |       |       |     6 ||     6
